 Dungeon Crawl Stone Soup version 0.31-a0-424-g41b3b0883d (webtiles) character file.

Game seed: 17213592889347078766

179 Ethylacetat the Sneak (level 5, 0/46 HPs)
             Began as an Octopode Fire Elementalist on July 30, 2023.
             Slain by a gnoll
             ... wielding a +0 spear
             ... led by a gnoll bouda
              (5 damage)
             ... on level 4 of the Dungeon.
             The game lasted 00:12:47 (2290 turns).

Ethylacetat the Sneak (Octopode Fire Elementalist)  Turns: 2290, Time: 00:12:48

Health: 0/46       AC: 22    Str:  7    XL:     5   Next: 59%
Magic:  9/9        EV:  2    Int: 19    God:
Gold:   224        SH:  0    Dex: 13    Spells: 6/9 levels left

rFire   . . .        (no weapon)
rCold   . . .        (no shield)
rNeg    . . .        (helmet currently unavailable)
rPois   +            (no amulet)
rElec   .            c - ring of poison resistance
rCorr   +            o - ring of resist corrosion
SInv    .            (no ring)
Will    .....        (no ring)
Stlth   +++          (no ring)
HPRegen 0.27/turn    (no ring)
MPRegen 0.11/turn    (no ring)
                     (no ring)

%: no passive effects
@: tree-form, weakened
A: stationary, stasis, torment immunity, boosted hp, almost no armour,
(amphibious), 8 rings, (camouflage 1), (gelatinous body 1), (nimble swimmer 1),
(tentacles)
a: no special abilities


You were on level 4 of the Dungeon.
You were a tree.
You visited 1 branch of the dungeon, and saw 4 of its levels.

You collected 296 gold pieces.
You spent 72 gold pieces at shops.

Inventory:

Jewellery
 c - a ring of poison resistance (left branch)
 o - a ring of resist corrosion (right branch)
Scrolls
 d - 2 scrolls of identify {unknown}
 e - 2 scrolls of enchant weapon {unknown}
 f - 2 scrolls of teleportation {unknown}
 g - a scroll of noise {unknown}
 h - a scroll of torment {unknown}
 i - a scroll of amnesia {unknown}
 j - 3 scrolls of vulnerability {unknown}
 n - a scroll of revelation {unknown}
 p - a scroll of enchant armour {unknown}
Potions
 a - a potion of magic


   Skills:
 + Level 3.0 Dodging
 + Level 4.2 Stealth
 + Level 2.9 Spellcasting
 + Level 2.3 Conjurations
 + Level 3.8 Fire Magic


You had 6 spell levels left.
You knew the following spells:

 Your Spells              Type           Power      Damage    Failure   Level
a - Foxfire               Conj/Fire      56%        2x1d6     4%          1
b - Scorch                Fire           34%        2d6       4%          2

Your spell library contained the following spells:

 Spells                   Type           Power      Damage    Failure   Level
 Kiss of Death            Conj/Necr      28%        2d7       10%         1
 Apportation              Tloc           4%         N/A       16%         1
 Necrotise                Necr           8%         1d4       16%         1
 Inner Flame              Hex/Fire       10%        N/A       22%         3
 Volatile Blastmotes      Fire/Tloc      20%        2d11      22%         3
 Sublimation of Blood     Necr           2%         N/A       24%         2
 Flame Wave               Conj/Fire      14%        2d6       38%         4
 Confusing Touch          Hex            2%         N/A       43%         3
 Vampiric Draining        Necr           2%         2d6       43%         3
 Dispel Undead            Necr           2%         3d7       83%         4
 Petrify                  Tmut/Erth      2%         N/A       83%         4
 Irradiate                Conj/Tmut      3%         3d12      95%         5
 Agony                    Necr           2%         N/A       99%         5
 Alistair's Intoxication  Tmut/Pois      1%         N/A       99%         5


Dungeon Overview and Level Annotations

Branches:
Dungeon (4/15)
 Temple: D:4-7

Altars:

Shops:
D:2 !   D:4 *

Annotations:
D:4 Menkaure


Innate Abilities, Weirdness & Mutations

You are a tree.
Your roots penetrate the ground, keeping you stationary.
You cannot be teleported.
You are immune to unholy pain and torment.
Your maximum health is greatly increased.
You cannot wear most types of armour.
((You are amphibious.))
You can wear up to eight rings at the same time.
((Your skin changes colour to match your surroundings (Stealth+).))
((Your rubbery body absorbs attacks. (AC +1, EV +1)))
((You are camouflaged when in or above water. (Stealth+)))
((You have tentacles for arms and can constrict up to eight enemies at once.))


Message History

The gnoll hits you with a +0 spear. x2
* * * LOW HITPOINT WARNING * * *
You closely miss the gnoll.
The gnoll is lightly wounded.
The gnoll completely misses you.
The gnoll hits you but does no damage. x2
You barely miss the gnoll.
The gnoll is lightly wounded.
The gnoll hits you but does no damage. The gnoll hits you with a +0 spear.
* * * LOW HITPOINT WARNING * * *
You feel less attractive to monsters.
You hit the gnoll.
The gnoll is heavily wounded.
The gnoll barely misses you.
The gnoll hits you from afar with a +0 spear.
* * * LOW HITPOINT WARNING * * *
The gnoll hits you but does no damage.
Okay, then.
You smack the gnoll!
You kill the gnoll!
The gnoll hits you but does no damage.
You smack the gnoll!
The gnoll is heavily wounded.
The gnoll hits you but does no damage. x2
You hit the gnoll.
The gnoll is almost dead.
The gnoll is no longer moving quickly.
The gnoll hits you but does no damage.
You barely miss the gnoll.
The gnoll is almost dead.
The gnoll hits you but does no damage. The gnoll hits you with a +0 spear.
* * * LOW HITPOINT WARNING * * *
You barely miss the gnoll.
The gnoll is almost dead.
The gnoll completely misses you. x2
You closely miss the gnoll.
The gnoll is almost dead.
The gnoll hits you but does no damage. x2
You barely miss the gnoll.
The gnoll is severely wounded.
The gnoll hits you but does no damage. The gnoll hits you with a +0 spear.
You die...

. ##### #....#
#....# #....#
###.## ##
##.###.###.##
.............##
#.###.###.##..#
.........#.##
#.###.##g♣.##
#...... #)#.##
...##.# .g.#..#
.#.#.. #.#.#.##
... ...#...# .#
..#.#.#.#
#.##...#.. ..
..#. .#


You could see 2 gnolls.

Vanquished Creatures
  An orc priest (D:4)
  Crazy Yiuf (D:3)
  A gnoll bouda (D:4)
  2 gnolls (D:4)
  A worm (D:2)
  2 dart slugs (D:1)
  9 orcs
  3 ball pythons
  4 endoplasms
  A giant cockroach (D:1)
  12 goblins
  4 hobgoblins
  5 kobolds
  5 bats
  3 frilled lizards
  4 rats
58 creatures vanquished.

Vanquished Creatures (others)
  42 foxfires
42 creatures vanquished.

Grand Total: 100 creatures vanquished

Notes
Turn   | Place    | Note
-------+----------+-------------------------------------------
     0 | D:1      | Ethylacetat the Octopode Fire Elementalist began the quest
                  | for the Orb.
     0 | D:1      | Reached XP level 1. HP: 11/11 MP: 3/3
    77 | D:1      | Reached XP level 2. HP: 11/17 MP: 5/5
   140 | D:1      | Reached skill level 3 in Stealth
   535 | D:2      | Reached XP level 3. HP: 21/21 MP: 6/6
   625 | D:2      | Found a faded altar of an unknown god.
   626 | D:2      | Found Hisezusch's Distillery.
   636 | D:2      | Bought a potion of degeneration for 12 gold pieces
   636 | D:2      | Bought a potion of heal wounds for 60 gold pieces
  1429 | D:3      | Found a runed translucent door.
  1430 | D:3      | Noticed Crazy Yiuf
  1449 | D:3      | Killed Crazy Yiuf
  1450 | D:3      | Reached XP level 4. HP: 4/27 MP: 1/7
  1581 | D:3      | Learned a level 2 spell: Scorch
  2149 | D:4      | Found Hutwuelo's Gadget Gallery.
  2181 | D:4      | Reached XP level 5. HP: 23/31 MP: 1/9
  2182 | D:4      | Reached skill level 4 in Stealth
  2195 | D:4      | Noticed Menkaure
  2246 | D:4      | Identified a scroll of acquirement
  2246 | D:4      | Acquired 863 gold pieces
  2290 | D:4      | Slain by a gnoll

Illustrated notes

Levels and vault maps discovered:
D:1:      dreamdust_arrival_sigmund_warning, layout_basic
D:2:      layout_rooms, serial_shops, nicolae_shop_waterfront,
          chequers_ecumenical_altar_island, hex_intersection
D:3:      layout_loops_corners, minmay_gold_behind_fungi,
          uniq_crazy_yiuf_cottage
D:4:      layout_basic, nicolae_concentric_dashed_squares_wild,
          nicolae_shop_gadgets, uniq_menkaure, uniq_robin, uniq_blork_the_orc

Skill      XL: |  1  2  3  4  5 |
---------------+----------------+-----
Stealth        | 3 4 |  4.2
Conjurations   | 2 |  2.3
Dodging        | 3 |  3.0
Spellcasting   | |  2.9
Fire Magic     | |  3.8

Action                     |  1- 3 |  4- 6 || total
---------------------------+-------+-------++-------
  Melee: Unarmed           |    94 |    84 ||   178
         Constrict         |    26 |    16 ||    42
         Tentacles         |    21 |    15 ||    36
         Punch             |     2 |     1 ||     3
   Cast: Foxfire           |    13 |    11 ||    24
    Use: Potion            |       |     4 ||     4
         Scroll            |       |     1 ||     1
   Stab: Sleeping          |    13 |     2 ||    15
 Armour: Skin              |     6 |    72 ||    78
  Dodge: Dodged            |    48 |    35 ||    83

Table legend: (Time is in decaauts)
 A = Elapsed time spent in this place.
 B = Non-inter-level travel time spent in this place.
 C = Inter-level travel time spent in this place.
 D = Time resting spent in this place.
 E = Time spent auto-exploring this place.
 F = Levels seen in this place.
 G = Mean time per level.
                   A        B        C        D        E       F      G
               +--------+--------+--------+--------+--------+-----+--------+
         Total |   2288 |   2212 |     76 |      0 |   1521 |   4 |  572.0 |
       Dungeon |   2288 |   2212 |     76 |      0 |   1521 |   4 |  572.0 |
               +--------+--------+--------+--------+--------+-----+--------+

Top non-repeatable levels by time:
     D:3: 1092 daAuts
     D:1: 504 daAuts
     D:2: 491 daAuts
     D:4: 200 daAuts
